AoeStats
← TUSHIRO1.2

Arena

510029151Analyzed
1v1 RM · 3d ago on Sep 29, 2026· 28m 9s· 2 players
Game mode
Random Map
Map size
Tiny (2 player)
Population
200
Speed
Normal
Resources
Standard
Victory
Conquest
Starting age
Dark Age
Ending age
Imperial Age
RankedLock teamsTeams togetherTeam positionsShared explorationLock speedFull tech treeHidden civsTurbo modeCheats
Victory
Defeat
🇲🇽 Aztecs · Mexico
1000
+51
🇦🇷 Khmer · Argentina
1012
-17
TUSHIRO1.2
12:14 Feudal Age
12:05 Loom
16:17 Castle Age
16:29 Man-at-Arms
17:07 Double-Bit Axe
25:05 Town Watch
LA CUCARACHA AWPER
10:55 Feudal Age
9:11 Loom
13:50 Castle Age
12:06 Double-Bit Axe
12:59 Horse Collar
21:40 Crossbowman
Connection lost

Rejoining the realm…

Still unreachable

The connection could not be restored.

Session expired

The server has moved on; the page needs a fresh start.